 Dungeon Crawl Stone Soup version 0.23-a0-8-gb809bb7 (webtiles) character file.

18799 Kuinu the Fighter (level 12, -1/117 HPs)
             Began as a Yellow Draconian Berserker on Aug 1, 2018.
             Was a High Priest of Trog.
             Slain by a skeletal warrior
             ... wielding a +2 flail of distortion
             ... led by a skeletal warrior
              (18 damage)
             ... on level 11 of the Dungeon.
             The game lasted 00:27:30 (12098 turns).

Kuinu the Fighter (Yellow Draconian Berserker)     Turns: 12098, Time: 00:27:31

Health: -1/117     AC: 10    Str: 20    XL:     12   Next: 30%
Magic:  12/12      EV: 19    Int:  8    God:    Trog [*****.]
Gold:   406        SH:  5    Dex: 15    Spells: 11/11 levels left

rFire    . . .     SeeInvis .   C - +0 scimitar (flame)
rCold    . . .     Gourm    .   (no shield)
rNeg     . . .     Faith    .   (armour unavailable)
rPois    .         Spirit   .   y - +2 hat
rElec    .         Reflect  +   (no cloak)
rCorr    +         Harm     .   (no gloves)
MR       ++...                  (no boots)
Stlth    +.........             a - +5 amulet of reflection
HPRegen  1.29/turn              n - +1 ring of evasion
MPRegen  0.13/turn              z - +5 ring of slaying

@: berserk cooldown, regenerating, slowed, very slow
A: spit acid, acid resistance, unfitting armour, cold-blooded, AC +8
a: Breathe Acid, Berserk, Trog's Hand, Brothers in Arms, Renounce Religion


You were on level 11 of the Dungeon.
You worshipped Trog.
Trog was extremely pleased with you.
You were near starving.

You visited 2 branches of the dungeon, and saw 12 of its levels.
You also visited: Bailey.

You collected 721 gold pieces.
You spent 315 gold pieces at shops.

Inventory:

Hand Weapons
 C - a +0 scimitar of flaming (weapon)
 L - a +2 antimagic falchion
Missiles
 k - 51 tomahawks of returning (quivered)
Armour
 y - a +2 hat (worn)
Jewellery
 a - a +5 amulet of reflection (around neck)
 e - an uncursed ring of poison resistance
 g - an uncursed ring of protection from fire
 l - an uncursed amulet of magic regeneration
 n - a +1 ring of evasion (left hand)
 z - a +5 ring of slaying (right hand)
Wands
 v - a wand of iceblast (36)
 w - a wand of clouds (14)
 x - a wand of acid (1)
 E - a wand of enslavement (6)
 J - a wand of flame (24)
Scrolls
 c - a scroll of enchant weapon
 d - 3 scrolls of amnesia
 f - 2 scrolls of magic mapping
 h - a scroll of blinking
 i - 8 scrolls of teleportation
 q - 2 scrolls of noise
 r - a scroll of immolation
 s - 3 scrolls of enchant armour
 D - 3 scrolls of remove curse
Potions
 m - a potion of resistance {unknown}
 o - a potion of berserk rage
 p - a potion of invisibility
 t - a potion of brilliance {unknown}
 u - 2 potions of mutation
 F - a potion of haste {unknown}
 H - a potion of cancellation
 I - a potion of curing
 K - 3 potions of lignification
Miscellaneous
 A - a sack of spiders
Comestibles
 b - 21 rations


   Skills:
 * Level 14.0 Fighting
 * Level 13.0 Long Blades
 + Level 9.0 Dodging


You had 11 spell levels left.
You didn't know any spells.
Your spell library was empty.

Dungeon Overview and Level Annotations

Branches:
Dungeon (11/15)            Temple (1/1) D:7            Lair (0/6) D:9
    Orc: D:9-12

Altars:
Ashenzari
Cheibriados
Dithmenos
Elyvilon
Fedhas
Gozag
Hepliaklqana
Kikubaaqudgha
Makhleb
Nemelex Xobeh
Okawaru
Qazlal
Ru
Sif Muna
Trog
Uskayaw
Vehumet
Wu Jian
Xom
Yredelemnul
Zin
The Shining One
Lugonu

Shops:
D:7 *   D:8 (

Annotations:
D:11 3 runed doors, biddum's ghost, novice HOFi


Innate Abilities, Weirdness & Mutations

You can spit globs of acid.
You are resistant to acid.
Your golden yellow scales are hard. (AC +8)
You cannot fit into any form of body armour.
You are cold-blooded and may be slowed by cold attacks.


Message History

* * * LOW HITPOINT WARNING * * *
You feel better. The skeletal warrior misses you.
You riposte.
You slash the skeletal warrior! You burn the skeletal warrior.
You tail-slap the skeletal warrior, but do no damage.
The skeletal warrior is moderately damaged.
You slash the skeletal warrior! You burn the skeletal warrior.
The skeletal warrior is lightly damaged.
The skeletal warrior hits you with a flail of distortion.
* * * LOW HITPOINT WARNING * * *
Space bends around you.
* * * LOW HITPOINT WARNING * * *
The skeletal warrior hits you with a halberd!
* * * LOW HITPOINT WARNING * * *
Press: ? - help, v - describe, . - travel
Here: a skeletal warrior, wielding a halberd (lightly damaged)
The floor, spattered with blood.
You hit the skeletal warrior. You burn the skeletal warrior.
The skeletal warrior is moderately damaged.
The skeletal warrior hits you with a flail of distortion!!
You die...

#..####.# #...# #.# ##.
#.......# #...# #.###.#
##.###### ##.## #.##.##
#.......# #.####
#...... ...####.#
#....### ####.##
#.#...#.### #......###
##.#
#.#.......####.#......#
#..
#.#...#.#.............#
#.#
#.#...#.######.z@.....#
#.# #.).....##
#.z..#.#.# #.#
.........# #.######.###
#.# ..)......# #)#
#...# #.# ........[#
#)# ###.# #..
###...#####.......# #.#
##. #...# #.......# #.#
#. #...# #.:.$...# #.#
## ##.## #..>....#
###.#


You could see 2 skeletal warriors.

Vanquished Creatures
  Josephine (D:10)
  Harold (D:11)
  Erica (D:8)
  2 two-headed ogres
  Sonja (D:10)
  3 skeletal warriors (D:11)
  An unseen horror (D:11)
  Pikel (D:8)
  An orc knight (Bailey)
  A manticore (D:8)
  A cyclops (D:11)
  A slime creature (D:5)
  A freezing wraith (D:11)
  3 kobold demonologists (D:10)
  A komodo dragon (D:9)
  2 trolls
  A hornet (D:11)
  Prince Ribbit (D:8)
  A hippogriff (D:7)
  6 wraiths
  11 yaks
  3 hungry ghosts
  4 water moccasins
  6 orc warriors
  A sky beast (D:10)
  4 slaves (D:8)
  A black bear (D:9)
  A necrophage (D:9)
  An ice beast (D:9)
  7 ogres
  5 centaurs
  4 big kobolds
  Blork the orc (D:5)
  7 bullfrogs
  2 scorpions
  3 killer bees (D:10)
  2 howler monkeys
  A centaur zombie (D:5)
  6 crimson imps
  A quasit (D:11)
  4 orc priests
  7 jellies
  A hound (D:9)
  7 orc wizards
  A bullfrog skeleton (D:3)
  7 iguanas
  A centaur skeleton (D:9)
  10 worker ants
  A hound skeleton (D:4)
  3 worker ant zombies (D:10)
  8 gnolls
  11 adders
  2 shadow imps
  5 oozes (D:5)
  An adder skeleton (D:9)
  4 worms
  A dart slug (D:4)
  9 leopard geckos
  34 orcs
  2 ball pythons
  8 bats
  7 giant cockroaches
  9 goblins
  11 hobgoblins
  7 jackals (D:11)
  29 kobolds
  4 quokkas
  6 frilled lizards
  A leopard gecko skeleton (D:5)
  4 rats
307 creatures vanquished.

Vanquished Creatures (collateral kills)
  Nergalle (D:10)
  A sky beast (D:10)
  2 orcs (Bailey)
  3 hobgoblins (Bailey)
7 creatures vanquished.

Vanquished Creatures (others)
  An orc (D:3)
  5 fungi (D:5)
  8 plants (D:9)
  8 toadstools (D:5)
22 creatures vanquished.

Grand Total: 336 creatures vanquished

Notes
Turn   | Place    | Note
-------+----------+-------------------------------------------
     0 | D:1      | Kuinu the Draconian Berserker began the quest for the Orb.
     0 | D:1      | Reached XP level 1. HP: 19/19 MP: 1/1
   142 | D:1      | Reached XP level 2. HP: 26/26 MP: 2/2
   592 | D:1      | Reached XP level 3. HP: 32/33 MP: 3/3
   951 | D:2      | Reached skill level 4 in Fighting
   956 | D:2      | Reached ** piety under Trog
  1111 | D:2      | Found a sacrificial altar of Ru.
  1445 | D:2      | Reached XP level 4. HP: 40/40 MP: 4/4
  2459 | D:3      | Reached XP level 5. HP: 45/47 MP: 5/5
  2791 | D:4      | Noticed an ogre
  2826 | D:4      | Reached skill level 5 in Fighting
  3356 | D:4      | Reached XP level 6. HP: 50/56 MP: 6/6
  3387 | D:4      | Reached skill level 5 in Long Blades
  3397 | D:4      | Reached skill level 6 in Fighting
  3397 | D:4      | Your scales start taking on a golden yellow colour.
  3397 | D:4      | Reached XP level 7. HP: 63/63 MP: 7/7
  3450 | D:4      | Reached *** piety under Trog
  4248 | D:5      | Entered Level 5 of the Dungeon
  4371 | D:5      | Reached skill level 7 in Fighting
  4379 | D:5      | Reached XP level 8. HP: 73/73 MP: 8/8
  4413 | D:5      | Noticed a slime creature
  4413 | D:5      | Noticed a slime creature
  5251 | D:5      | Noticed Blork the orc
  5257 | D:5      | Killed Blork the orc
  5275 | D:5      | Reached skill level 5 in Dodging
  5296 | D:5      | Reached skill level 8 in Fighting
  5825 | D:5      | Killed a large slime creature
  5825 | D:5      | Reached **** piety under Trog
  5825 | D:5      | Reached XP level 9. HP: 67/82 MP: 9/9
  6160 | D:6      | Reached skill level 9 in Fighting
  7225 | D:7      | Found a staircase to the Ecumenical Temple.
  7261 | Temple   | Entered the Ecumenical Temple
  7599 | D:7      | Found a shimmering altar of Xom.
  7599 | D:7      | Found a deep blue altar of Sif Muna.
  7965 | D:7      | Found a faded altar of an unknown god.
  7967 | D:7      | Found a burning altar of Makhleb.
  7968 | D:7      | Found an ornate altar of the Wu Jian Council.
  8100 | D:7      | Reached skill level 10 in Fighting
  8124 | D:7      | Found Hameh's Humungous Hoard.
  8139 | D:7      | Bought a +2 hat for 240 gold pieces
  8139 | D:7      | Bought a potion of heal wounds for 75 gold pieces
  8306 | D:8      | Noticed Erica
  8320 | D:8      | Killed Erica
  8320 | D:8      | Reached XP level 10. HP: 94/94 MP: 10/10
  8344 | D:8      | Found Iroothet's Weapon Boutique.
  8347 | D:8      | Noticed a manticore
  8377 | D:8      | Killed a manticore
  8484 | D:8      | Noticed Pikel
  8491 | D:8      | Killed Pikel
  8491 | D:8      | Reached skill level 11 in Fighting
  8491 | D:8      | Reached skill level 10 in Long Blades
  8518 | D:8      | Noticed Prince Ribbit
  8655 | D:8      | Killed Prince Ribbit
  9095 | D:8      | Noticed a two-headed ogre
  9101 | D:8      | Killed a two-headed ogre
  9209 | D:9      | Found a staircase to the Lair.
  9357 | D:9      | Reached ***** piety under Trog
  9544 | D:9      | Noticed a two-headed ogre
  9550 | D:9      | Killed a two-headed ogre
  9550 | D:9      | Reached skill level 12 in Fighting
  9550 | D:9      | Reached XP level 11. HP: 88/103 MP: 11/11
  9884 | D:10     | Entered Level 10 of the Dungeon
  9922 | D:10     | Noticed Nergalle
  9939 | D:10     | Killed Nergalle
  9973 | D:10     | Found a corrupted altar of Lugonu.
 10006 | D:10     | Noticed Josephine
 10017 | D:10     | Killed Josephine
 10037 | D:10     | Found a flagged portal.
 10058 | D:10     | Noticed Sonja
 10069 | D:10     | Killed Sonja
 10139 | Bailey   | Entered a bailey
 10472 | Bailey   | Noticed an orc knight
 10482 | Bailey   | Killed an orc knight
 10487 | Bailey   | Reached skill level 13 in Fighting
 10744 | D:10     | Found a white marble altar of Elyvilon.
 11129 | D:11     | Found a runed gate.
 11130 | D:11     | Found an opulent altar of Gozag.
 11130 | D:11     | Noticed biddum's ghost (novice HOFi)
 11131 | D:11     | Found a runed gate.
 11131 | D:11     | Found a runed gate.
 11570 | D:11     | Noticed Harold
 11575 | D:11     | Received a gift from Trog
 11581 | D:11     | Killed Harold
 11686 | D:11     | Reached XP level 12. HP: 110/115 MP: 12/12
 12088 | D:11     | Reached skill level 14 in Fighting
 12098 | D:11     | Slain by a skeletal warrior

Vault maps used:
D:1:      nzn_arrival_depleted_hourglass, minmay_tetromino_s2
D:2:      overflow_temple_1_default
D:3:      serial_forest, infiniplex_forest_clump_curved,
          infiniplex_forest_3_way, infiniplex_forest_end_2,
          infiniplex_forest_straight_3, lemuel_another_geyser
D:4:      first_ration, hangedman_decor_slide_cut, kennysheep_generic_room_5
D:5:      cheibrodos_fertilizer, uniq_blork_the_orc
D:6:      hangedman_decor_clover_reticule
D:7:      chequers_temple_overflow_minitemple,
          minmay_temple_entry_statues_pillars, grunt_ogre_cave,
          nicolae_alphabet_shops
D:8:      serial_shops, nicolae_shop_behind_doors, uniq_erica,
          uniq_prince_ribbit1, uniq_pikel
D:9:      david_lair_shrubbed, minmay_misc_feat_more_columns
D:10:     kennysheep_kobold_lugonu_temple, enter_bailey_2, elyvilon_altar_3,
          uniq_josephine, uniq_sonja, uniq_nergalle
D:11:     ebering_ghost_gozag, uniq_harold
Temple:   minmay_temple_bridge_d
Bailey:   bailey_axe_1, bailey

Skill      XL: |  1  2  3  4  5  6  7  8  9 10 11 12 |
---------------+-------------------------------------+-----
Dodging        | 3 4 5 6 7 8 9 |  9.0
Fighting       | 4 5 6 7 8 10 12 13 14 | 14.0
Long Blades    | 4 5 6 8 9 11 12 13 | 13.0

Action                   |  1- 3 |  4- 6 |  7- 9 | 10-12 || total
-------------------------+-------+-------+-------+-------++-------
Melee: Falchion          |   121 |   115 |   407 |       ||   643
       Tailslap          |    16 |    22 |    83 |    75 ||   196
       Scimitar          |       |       |       |   332 ||   332
Invok: Trog's Hand       |       |     2 |     3 |     6 ||    11
       Berserk           |       |     2 |    14 |    17 ||    33
       Brothers in Arms  |       |       |       |     2 ||     2
 Abil: Breathe Acid      |       |       |     1 |     1 ||     2
Evoke: Wand              |       |       |       |     4 ||     4
  Use: Potion            |     4 |     1 |       |     6 ||    11
       Scroll            |       |     8 |     1 |    10 ||    19
 Stab: Sleeping          |     2 |       |       |       ||     2
       Distracted        |       |     1 |       |       ||     1
  Eat: Chunk             |     1 |     9 |    20 |    22 ||    52
       Ration            |       |       |     3 |     3 ||     6
Armor: Skin              |    57 |    33 |    89 |    59 ||   238
Dodge: Dodged            |    93 |   128 |   265 |   343 ||   829
Block: Other             |       |       |       |     7 ||     7
       Rpst.: Falchion   |    23 |    49 |    82 |       ||   154
       Scimitar          |       |       |       |    71 ||    71

Table legend:
 A = Spawn XP
 B = Non-spawn XP
 C = Spawn XP percentage of total XP
 D = Spawn monster count
 E = Non-spawn monster count
 F = Spawn count percentage of total count
 G = Total turns spent on level
                    A         B        C        D         E        F      G
               +---------+---------+-------+---------+---------+-------+---------
         Total |       0 |   26857 |   0.0 |       0 |     310 |   0.0 | 12098
               +---------+---------+-------+---------+---------+-------+---------
           D:1 |       0 |      42 |   0.0 |       0 |      24 |   0.0 |   890
           D:2 |       0 |      63 |   0.0 |       0 |      18 |   0.0 |  1033
           D:3 |       0 |      95 |   0.0 |       0 |      19 |   0.0 |   881
           D:4 |       0 |     829 |   0.0 |       0 |      30 |   0.0 |  1444
           D:5 |       0 |    1875 |   0.0 |       0 |      46 |   0.0 |  1746
           D:6 |       0 |     699 |   0.0 |       0 |      22 |   0.0 |  1231
           D:7 |       0 |    1237 |   0.0 |       0 |      21 |   0.0 |   851
           D:8 |       0 |    4042 |   0.0 |       0 |      20 |   0.0 |   915
           D:9 |       0 |    2665 |   0.0 |       0 |      19 |   0.0 |   728
          D:10 |       0 |    6444 |   0.0 |       0 |      26 |   0.0 |   570
          D:11 |       0 |    7785 |   0.0 |       0 |      33 |   0.0 |  1207
        Bailey |       0 |    1081 |   0.0 |       0 |      32 |   0.0 |   437
               +---------+---------+-------+---------+---------+-------+---------
